 Dungeon Crawl Stone Soup version 0.29.1-2-gbd0b4ee654 (webtiles) character file.

Game seed: 16179449460156624076

4036 MisterFreud the Cruncher (level 10, -3/77 HPs)
             Began as a Formicid Gladiator on Oct 23, 2022.
             Was a Follower of Yredelemnul.
             Slain by an orc warrior
             ... wielding a +0 battleaxe
              (17 damage)
             ... on level 10 of the Dungeon.
             The game lasted 00:08:07 (10304 turns).

MisterFreud the Cruncher (Formicid Gladiator)      Turns: 10304, Time: 00:08:07

Health: -3/77      AC: 12    Str: 21    XL:     10   Next: 48%
Magic:  16/16      EV:  9    Int:  8    God:    Yredelemnul [*.....]
Gold:   314        SH:  0    Dex: 17    Spells: 9/9 levels left

rFire   . . .      SeeInvis +   a - +1 quarterstaff
rCold   . . .      Faith    .   (no shield)
rNeg    . . .      Spirit   .   g - +0 chain mail
rPois   +          Reflect  .   (helmet unavailable)
rElec   .          Harm     .   (no cloak)
rCorr   .          Rampage  .   l - +1 pair of gloves
Will    +....                   (no boots)
Stlth   ..........              (no amulet)
HPRegen 0.22/turn               v - ring of poison resistance
MPRegen 0.15/turn               (no ring)

@: no status effects
A: permanent stasis, dig shafts and tunnels, antennae 3, four strong arms
a: Dig, Shaft Self, Renounce Religion, Recall Undead Harvest


You were on level 10 of the Dungeon.
You worshipped Yredelemnul.
Yredelemnul was aware of your devotion.
You visited 2 branches of the dungeon, and saw 9 of its levels.
You also visited: Sewer.

You collected 314 gold pieces.

Inventory:

Hand Weapons
 a - a +1 quarterstaff (weapon)
Missiles
 c - 3 throwing nets (quivered)
 d - 2 javelins
 k - 7 boomerangs
 y - 2 curare-tipped darts
 A - 5 silver javelins
Armour
 b - a +0 leather armour
 g - a +0 chain mail (worn)
 l - a +1 pair of gloves (worn)
 p - a +2 pair of gloves of infusion
 D - +0 swamp dragon scales
Jewellery
 u - a ring of ice
 v - a ring of poison resistance (left hand)
Wands
 o - a wand of flame (31)
 x - a wand of mindburst (20)
 C - a wand of iceblast (8)
Scrolls
 q - 2 scrolls of magic mapping
 r - 2 scrolls of fear
 t - 2 scrolls of silence
Potions
 e - 3 potions of brilliance
 f - 4 potions of heal wounds
 h - 3 potions of might {unknown}
 i - 2 potions of magic {unknown}
 j - 6 potions of mutation {unknown}
 m - 2 potions of attraction {unknown}
 n - a potion of lignification {unknown}
 s - 2 potions of curing
 z - 3 potions of flight
 E - a potion of haste {unknown}


   Skills:
 + Level 6.8 Fighting
 - Level 10.0 Staves
 - Level 2.0 Throwing
 - Level 5.0 Armour
 - Level 2.6 Dodging
 - Level 8.0 Invocations
 + Level 4.4 Evocations


You had 9 spell levels left.
You didn't know any spells.
Your spell library contained the following spells:

 Spells                   Type           Power      Damage    Failure   Level
 Slow                     Hex            0%         N/A       98%         1
 Confusing Touch          Hex            0%         N/A       100%        3
 Ignite Poison            Fire/Tmut/Pois 0%         N/A       100%        3
 Mephitic Cloud           Conj/Pois/Air  0%         N/A       100%        3
 Vampiric Draining        Necr           0%         2d6       100%        3
 Freezing Cloud           Conj/Ice/Air   0%         6-21      100%        5
 Polar Vortex             Ice            0%         N/A       100%        9
 Simulacrum               Ice/Necr       Unusable   N/A       N/A         6

Dungeon Overview and Level Annotations

Branches:
Dungeon (7/15)             Temple (1/1) D:4           Sewer (visited)

Altars:
Ashenzari
Cheibriados
Elyvilon
Gozag
Hepliaklqana
Nemelex Xobeh
Sif Muna
Trog
Uskayaw
Wu Jian
Yredelemnul

Shops:
D:4 :   D:10 (


Innate Abilities, Weirdness & Mutations

You cannot be hasted, slowed, berserked, paralysed or teleported.
You can dig through walls and to a lower floor.
You have a pair of large antennae on your head. (SInv)
Your four strong arms can wield two-handed weapons with a shield.


Message History

The orc hits you but does no damage.
The orc warrior hits you with a +0 battleaxe!
Your kobold demonologist zombie hits the orc.
The orc dies!
You sock the orc warrior!
The orc warrior is heavily wounded.
Unknown command.
Unknown command.
You hit the orc warrior but do no damage.
The orc warrior is heavily wounded.
The orc misses you.
The orc warrior hits you with a +0 battleaxe!
The orc hits you with a +0 hand axe.
The orc hits your kobold demonologist zombie with a +0 hand axe.
Your kobold demonologist zombie hits the orc.
You barely miss the orc warrior.
The orc warrior is heavily wounded.
The orc closely misses you.
The orc warrior hits you with a +0 battleaxe!
* * * LOW HITPOINT WARNING * * *
The orc closely misses you.
The orc hits your kobold demonologist zombie with a +0 hand axe.
You closely miss the orc warrior.
The orc warrior is heavily wounded.
Your kobold demonologist zombie hits the orc.
The orc hits you but does no damage.
The orc warrior hits you with a +0 battleaxe.
* * * LOW HITPOINT WARNING * * *
The orc hits you with a +0 hand axe.
* * * LOW HITPOINT WARNING * * *
The orc hits your kobold demonologist zombie with a +0 hand axe.
Unknown command.
Unknown command.
Are you sure you want to shaft yourself?
Your kobold demonologist zombie hits the orc.
The orc hits you but does no damage. x2
The orc hits your kobold demonologist zombie with a +0 hand axe.
The orc warrior hits you with a +0 battleaxe!
You die...
Your body rises from the dead as a mindless zombie.

#......###### ##+####......
#....<.#.......... #......
#......#.......... #......
#......#.......... #......
#......#.......... #......
#......#.......... #......
#......##......... #......
#######.......#..o...... #....
..............#.@o...... #....
..............#.)o..#########....
..............##Z##+#............
######.......Z...Z...............
#...##+########.............
#...# ######....# #...# #....#
#...# #.)).# #...# #.)).#


You could see an orc warrior (ally target), 2 orcs, a friendly acid dragon
zombie and a friendly kobold demonologist zombie.

Vanquished Creatures
  Maggie (D:6)
  A troll (D:10)
  Prince Ribbit (D:5)
  A wyvern (D:7)
  A wraith (D:10)
  Menkaure (D:6)
  An acid dragon (D:10)
  2 orc warriors
  2 ogres (D:4)
  4 phantoms
  2 kobold brigands (Sewer)
  2 bullfrogs
  5 scorpions
  2 necrophages
  A killer bee (D:7)
  A jelly (D:6)
  2 orc priests
  Ijyb (D:3)
  3 orc wizards
  5 iguanas
  4 gnolls (D:5)
  A river rat (D:6)
  14 adders
  An ufetubus (D:5)
  2 worms
  17 orcs
  11 ball pythons
  4 bats
  6 endoplasms
  8 giant cockroaches
  7 goblins
  7 hobgoblins
  10 jackals
  12 kobolds
  3 quokkas
  3 frilled lizards
  5 rats
154 creatures vanquished.

Vanquished Creatures (collateral kills)
  A kobold demonologist (D:10)
  A troll (D:10)
  A hornet (D:10)
  An ogre (D:5)
  An orc priest (D:10)
  An iguana (D:5)
  2 orcs
  A kobold (Sewer)
  A rat (D:6)
10 creatures vanquished.

Vanquished Creatures (others)
  A jackal zombie (Sewer)
  A rat zombie (Sewer)
2 creatures vanquished.

Grand Total: 166 creatures vanquished

Notes
Turn   | Place    | Note
-------+----------+-------------------------------------------
     0 | D:1      | MisterFreud the Formicid Gladiator began the quest for the
                  | Orb.
     0 | D:1      | Reached XP level 1. HP: 16/16 MP: 1/1
   123 | D:1      | Reached XP level 2. HP: 14/22 MP: 2/2
   561 | D:1      | Reached skill level 4 in Staves
   561 | D:1      | Reached XP level 3. HP: 26/27 MP: 3/3
  1380 | D:2      | Reached XP level 4. HP: 33/33 MP: 4/4
  1573 | D:2      | Noticed a scorpion
  1585 | D:2      | Killed a scorpion
  1586 | D:2      | Reached skill level 5 in Staves
  1586 | D:2      | Reached XP level 5. HP: 18/38 MP: 5/5
  2441 | D:3      | Found a faded altar of an unknown god.
  2441 | D:3      | Noticed Ijyb
  2454 | D:3      | Killed Ijyb
  2455 | D:3      | Reached skill level 6 in Staves
  2668 | D:3      | Reached XP level 6. HP: 46/46 MP: 6/6
  2673 | D:3      | You fall into a shaft and drop 1 floor!
  2771 | D:4      | Reached skill level 1 in Armour
  3647 | D:4      | Reached XP level 7. HP: 45/53 MP: 7/7
  4106 | D:4      | Found a staircase to the Ecumenical Temple.
  4162 | D:4      | Found Bases's Book Emporium.
  4490 | D:4      | Reached skill level 5 in Fighting
  4804 | Temple   | Entered the Ecumenical Temple
  4860 | Temple   | Became a worshipper of Yredelemnul the Dark
  4920 | D:5      | Entered Level 5 of the Dungeon
  5167 | D:5      | Reached skill level 5 in Armour
  5167 | D:5      | Reached XP level 8. HP: 53/62 MP: 4/8
  5329 | D:5      | Reached * piety under Yredelemnul
  5434 | D:5      | Found a shimmering blue altar of Sif Muna.
  5441 | D:5      | Noticed Prince Ribbit
  5449 | D:5      | Killed Prince Ribbit
  5450 | D:5      | Reached skill level 7 in Staves
  5609 | D:5      | Reached ** piety under Yredelemnul
  6058 | D:5      | Reached skill level 8 in Staves
  6085 | D:5      | Reached *** piety under Yredelemnul
  6474 | D:6      | Found a glowing drain.
  6498 | Sewer    | Entered a sewer
  6640 | Sewer    | Reached XP level 9. HP: 60/68 MP: 1/9
  6647 | Sewer    | Reached skill level 9 in Staves
  6753 | Sewer    | Found a white marble altar of Elyvilon.
  6879 | D:6      | Noticed Maggie
  6900 | D:6      | Killed Maggie
  6901 | D:6      | Reached skill level 10 in Staves
  7778 | D:6      | Noticed Menkaure
  7791 | D:6      | Killed Menkaure
  7792 | D:6      | Reached skill level 5 in Invocations
  8630 | D:7      | You fall into a shaft and drop 3 floors!
  8630 | D:10     | Entered Level 10 of the Dungeon
  8635 | D:10     | HP: 3/68 [poisoned by a killer bee]
  8978 | D:10     | Reached XP level 10. HP: 18/74 MP: 15/15
  9239 | D:10     | Identified the +2 pair of gloves of Dyspraxia {rElec rPois
                  | Dex+4}
  9263 | D:10     | Reached skill level 1 in Evocations
  9816 | D:10     | Found Impa's Firing Range.
 10032 | D:10     | Noticed a kobold demonologist
 10041 | D:10     | Killed a kobold demonologist
 10304 | D:10     | Slain by an orc warrior

Illustrated notes

Levels and vault maps discovered:
D:1:      lightli_arrival_farm, layout_loops_ring, grunt_decor_fettered,
          minmay_misc_feat_rows, hangedman_abyss_or_decor_stabs
D:2:      layout_basic
D:3:      layout_rooms, dreamdust_ecumenical_altar_grove, uniq_ijyb
D:4:      layout_gridville, minmay_temple_entry_overgrown, serial_shops,
          shop_statue, st_stairs_14
D:5:      layout_cave_pods, mainiacjoe_overflow_small_starburst,
          hangedman_decor_clover_reticule, kennysheep_opposing_triangles,
          uniq_prince_ribbit1
D:6:      layout_loops_ring, portal_sewer_entry_b, minmay_misc_feat_chi,
          uniq_menkaure, uniq_maggie
D:7:      layout_rooms
D:10:     layout_irregular_city, lair_entry_dummy, nicolae_shop_firing_range
Temple:   minmay_crystal_snake_temple

Skill      XL: |  1  2  3  4  5  6  7  8  9 10 |
---------------+-------------------------------+-----
Staves         | 4 5 6 8 10 | 10.0
Armour         | 2 5 |  5.0
Fighting       | 3 5 6 |  6.8
Invocations    | 7 8 |  8.0
Evocations     | 4 |  4.4
Throwing       | |  2.0
Dodging        | |  2.6

Action                   |  1- 3 |  4- 6 |  7- 9 | 10-12 || total
-------------------------+-------+-------+-------+-------++-------
Melee: Quarterstaff      |    93 |   138 |   323 |    65 ||   619
       Punch             |     1 |       |     1 |     1 ||     3
 Abil: Shaft Self        |       |       |     1 |     1 ||     2
  Use: Scroll            |     4 |     3 |     5 |       ||    12
       Potion            |       |       |     1 |       ||     1
 Stab: Distracted        |       |       |     3 |       ||     3
Armor: Leather armour    |     3 |       |       |       ||     3
       Chain mail        |    56 |    77 |   146 |    34 ||   313
Dodge: Dodged            |    48 |    51 |   112 |    31 ||   242
